 Dungeon Crawl Stone Soup version 0.31-a0-851-g7ff8af7976 (webtiles) character file.

Game seed: 5744077459619191029

142135 Flugkiller the Markstengu (level 17, -1/111 HPs)
             Began as a Tengu Hunter on Oct 6, 2023.
             Was the Champion of Okawaru.
             Slain by a seven-headed hydra (9 damage)
             ... while paralysed by a fenstrider witch
             ... on level 4 of the Swamp.
             The game lasted 00:40:56 (25428 turns).

Flugkiller the Markstengu (Tengu Hunter)           Turns: 25428, Time: 00:40:57

Health: -1/111     AC: 10    Str: 11    XL:     17   Next: 34%
Magic:  25/25      EV:  2    Int: 13    God:    Okawaru [******]
Gold:   1483       SH:  0    Dex: 35    Spells: 16/16 levels left

rFire   + . .        J - +9 hand cannon "Hun Roff" {speed, Int+2}
rCold   + . .        k - +2 buckler
rNeg    . . .        E - +0 steam dragon scales
rPois   +            e - +2 hat
rElec   .            L - scarf "Jicuechy" {rC+ rF+, Dex+4 SInv}
rCorr   .            C - +2 pair of gloves
SInv    +            (boots unavailable)
Will    +....        H - amulet of regeneration
Stlth   +++          o - ring of poison resistance
HPRegen 1.18/turn    m - +6 ring of dexterity
MPRegen 0.19/turn

%: acrobat
@: paralysed, flying
A: beak, talons 3, evasive flight, acrobatic
a: Renounce Religion, Heroism, Finesse, Duel


You were on level 4 of the Swamp.
You worshipped Okawaru.
Okawaru was exalted by your worship.
You visited 5 branches of the dungeon, and saw 27 of its levels.
You visited the Abyss 1 time.
You also visited: Gauntlet and Ice Cave.

You collected 2476 gold pieces.
You spent 993 gold pieces at shops.

Inventory:

Hand Weapons
 J - the +9 hand cannon "Hun Roff" (weapon) {speed, Int+2}
   (Okawaru gifted it to you on level 4 of the Lair of Beasts)

   Int+2:     It affects your intelligence (+2).
Missiles
 B - 11 curare-tipped darts
 D - a throwing net
Armour
 e - a +2 hat (worn)
   (You bought it in a shop on level 11 of the Dungeon)
 k - a +2 buckler (worn)
   (You took it off a tengu conjurer on level 14 of the Dungeon)
 l - a +2 cloak
   (You found it on level 6 of the Dungeon)
 C - a +2 pair of gloves (worn)
   (You found it on level 9 of the Dungeon)
 E - +0 steam dragon scales (worn)
   (You found it on level 6 of the Dungeon)
 K - a +0 kite shield of protection
   (You bought it in a shop on level 11 of the Dungeon)
 L - the scarf "Jicuechy" (worn) {rC+ rF+, Dex+4 SInv}
   (Okawaru gifted it to you on level 4 of the Lair of Beasts)

   Dex+4:     It affects your dexterity (+4).
   SInv:      It lets you see invisible.
Jewellery
 b - a ring of magical power
   (You found it on level 3 of the Swamp)
 c - a ring of protection from cold
   (You found it in a Gauntlet)
 m - a +6 ring of dexterity (right hand)
   (You found it in a Gauntlet)
 o - a ring of poison resistance (left hand)
   (You found it on level 11 of the Dungeon)
 p - a ring of protection from fire
   (You took it off a minotaur in a Gauntlet)
 H - an amulet of regeneration (around neck)
   (You found it on level 10 of the Dungeon)
 O - a +5 ring of evasion
   (You found it in a Gauntlet)
Wands
 v - a wand of flame (28)
   (You found it on level 1 of the Lair of Beasts)
 y - a wand of mindburst (6)
   (You found it on level 8 of the Dungeon)
 Q - a wand of digging (5)
   (You found it in a Gauntlet)
 S - a wand of roots (3)
   (You found it on level 1 of the Swamp)
Scrolls
 a - 8 scrolls of enchant armour
 i - 2 scrolls of torment
 r - 6 scrolls of identify
 s - 3 scrolls of fog
 t - 14 scrolls of teleportation
 x - 3 scrolls of revelation
 z - 3 scrolls of blinking
 A - 4 scrolls of immolation
 F - a scroll of poison
 P - a scroll of vulnerability
 R - 2 scrolls of fear
Potions
 d - 3 potions of might
 f - 3 potions of enlightenment
 g - 4 potions of attraction
 h - 5 potions of haste
 j - 5 potions of brilliance
 n - a potion of resistance
 q - 3 potions of curing
 u - 5 potions of ambrosia
 w - 10 potions of heal wounds
 G - 5 potions of mutation
 I - 2 potions of invisibility
 N - 2 potions of berserk rage


   Skills:
 - Level 14.0 Fighting
 - Level 18.0 Ranged Weapons
 - Level 15.0 Dodging
 - Level 1.0 Stealth
 + Level 14.4 Shields
 - Level 10.0 Invocations
 - Level 5.0 Evocations


You had 16 spell levels left.
You didn't know any spells.
Your spell library contained the following spells:

 Spells                   Type           Power      Damage    Failure   Level
 Apportation              Tloc           0%         N/A       36%         1
 Magic Dart               Conj           0%         1d3       36%         1
 Sandblast                Erth           0%         2d4       36%         1
 Blink                    Tloc           0%         N/A       50%         2
 Ensorcelled Hibernation  Hex/Ice        0%         N/A       50%         2
 Jinxbite                 Hex            0%         N/A       50%         2
 Lesser Beckoning         Tloc           0%         N/A       50%         2
 Momentum Strike          Conj/Tloc      0%         3d8       50%         2
 Passwall                 Tmut/Erth      0%         N/A       50%         2
 Scorch                   Fire           0%         2d5       50%         2
 Searing Ray              Conj           0%         2d4       50%         2
 Ozocubu's Armour         Ice            0%         N/A       73%         3
 Stone Arrow              Conj/Erth      0%         3d7       73%         3
 Swiftness                Air            0%         N/A       73%         3
 Brom's Barrelling Bould  Conj/Erth      0%         2d3       98%         4
 Flame Wave               Conj/Fire      0%         2d4       98%         4
 Fulminant Prism          Conj/Hex       0%         3d5       98%         4
 Alistair's Intoxication  Tmut/Pois      0%         N/A       100%        5
 Borgnjor's Vile Clutch   Necr/Erth      0%         N/A       100%        5
 Dispersal                Tloc           0%         N/A       100%        6
 Eringya's Noxious Bog    Tmut/Pois      0%         4d6       100%        6
 Ozocubu's Refrigeration  Ice            0%         4d7       100%        7
 Summon Small Mammal      Summ           Unusable   N/A       N/A         1
 Summon Forest            Summ/Tloc      Unusable   N/A       N/A         5
 Summon Mana Viper        Hex/Summ       Unusable   N/A       N/A         5
 Summon Cactus Giant      Summ           Unusable   N/A       N/A         6

Dungeon Overview and Level Annotations

Branches:
Dungeon (15/15) Zot: 26092  Temple (1/1) D:7 Zot: 5965    Lair (5/5) D:10 Zot: 25096
  Swamp (4/4) Lair:2 Zot: 22277   Snake (0/4) Lair:3        Slime (0/5) Lair:4
    Orc (2/2) D:11 Zot: 11382     Elf (0/3) Orc:2        Vaults (0/5) D:13
 Depths (0/4) D:15          IceCv (visited)         Gauntlet (visited)

Altars:
Ashenzari
Cheibriados
Dithmenos
Elyvilon
Fedhas
Gozag
Hepliaklqana
Kikubaaqudgha
Makhleb
Nemelex Xobeh
Okawaru
Qazlal
Ru
Sif Muna
Trog
Uskayaw
Vehumet
Wu Jian
Xom
Yredelemnul
Zin
The Shining One
Jiyva

Shops:
D:7 (   D:8 ?   D:11 *[??[   D:14 *   Orc:2 ::!?:

Annotations:
D:4 1 runed translucent door, Crazy Yiuf
D:13 1 runed translucent door, Kaz Ciaw's ghost, journeyman TrSh
Lair:4 1 runed translucent door, exclusion: oklob plant


Innate Abilities, Weirdness & Mutations

You have a beak for a mouth.
You have claws for feet.
Your magical flight helps you evade attacks. (EV +4)
You can magically evade attacks while moving or waiting.


Message History

No target in view!
Found an escape hatch in the ceiling.
There is a stone staircase leading down here.
There is an escape hatch in the floor here.
You now have 1448 gold pieces (gained 17).
You now have 1460 gold pieces (gained 12).
A tyrant leech comes into view.
A tyrant leech is nearby!
You shoot a bolt. The bolt hits the tyrant leech!
The tyrant leech is lightly wounded.
You shoot a bolt. The bolt hits the tyrant leech!!
The tyrant leech is severely wounded.
You shoot a bolt.
The bolt closely misses the tyrant leech.
You shoot a bolt. The bolt hits the tyrant leech!!!
You kill the tyrant leech!
Okawaru accepts your kill.
No target in view!
No target in view!
No target in view!
No target in view!
No target in view!
You now have 1483 gold pieces (gained 23).
You see here a tyrant leech corpse.
You see here a bunyip skeleton.
Key pressed, stopping explore.
You see here the +2 leather armour "Uvefot" {*Corrode rPois Str+3 Int+5}.
There is a stone staircase leading up here.
Done exploring.
Done exploring.
Done exploring.
Okay, then.
Unknown command.
Done exploring.
There is a stone staircase leading down here.
You fly downwards.
Found a dagger and a wand of mindburst (6).
There is a stone staircase leading up here.
A swamp dragon is nearby!
Unknown command.
A swamp dragon is nearby!
You shoot a bolt. The bolt hits the swamp dragon!!!
The swamp dragon roars deafeningly!
The swamp dragon is severely wounded.
You hear a roar! x2; You hear an angry hiss.
You hear a shout!
You hear a deafening roar!
You shoot a bolt.
The bolt barely misses the swamp dragon.
You hear a roar!
The swamp dragon breathes poison at you.
The blast of poison misses you.
An eight-headed hydra comes into view.
You hear a deafening roar! x2; You hear a roar! x2
You shoot a bolt. The bolt hits the swamp dragon!
You kill the swamp dragon!
Okawaru accepts your kill.
The swamp dragon scales are intact enough to wear.
You hear a roar!
You shoot a bolt. The bolt hits the eight-headed hydra!
The eight-headed hydra is moderately wounded.
You hear a shout!
A seven-headed hydra comes into view.
You shoot a bolt. The bolt hits the eight-headed hydra.
The eight-headed hydra is moderately wounded.
You hear a shout!
A swamp drake comes into view.
You shoot a bolt.
The bolt barely misses the eight-headed hydra.
A fenstrider witch comes into view.
You shoot a bolt. The bolt hits the eight-headed hydra.
The eight-headed hydra is moderately wounded.
You hear a roar!
You shoot a bolt. The bolt hits the fenstrider witch!!!
The fenstrider witch is severely wounded.
A swamp dragon comes into view.
An eight-headed hydra comes into view.
The fenstrider witch points at you and mumbles some strange words.
You suddenly lose the ability to move!
A rime drake comes into view.
The eight-headed hydra bites you but does no damage.
The eight-headed hydra bites you. x2
The eight-headed hydra bites you but does no damage.
The eight-headed hydra bites you.
The eight-headed hydra barely misses you.
The eight-headed hydra bites you! x2
The fenstrider witch hits you!! The fenstrider witch kicks you.
The eight-headed hydra bites you! x2
* * * LOW HITPOINT WARNING * * *
The eight-headed hydra bites you.
* * * LOW HITPOINT WARNING * * *
The eight-headed hydra bites you!
* * * LOW HITPOINT WARNING * * *
The eight-headed hydra bites you but does no damage.
The eight-headed hydra bites you.
* * * LOW HITPOINT WARNING * * *
The eight-headed hydra bites you.
* * * LOW HITPOINT WARNING * * *
The eight-headed hydra bites you.
* * * LOW HITPOINT WARNING * * *
The seven-headed hydra bites you!
You die...

♣♣ ♣♣~ .~
♣♣♣♣~~ ♣
~~~~♣.D./ ~.♣
)§~~~.H°♣♣§D..♣
♣@°.♣
♣.DD°~~~~~~
♣§~k~.~..~~
~§.~~.~°..~~
.~~.~...♣..~♣
.§~~~~~~.~..[♣#
.~~§~~..~k..##
~.~~~...~.~♣#


You could see 2 eight-headed hydras, a seven-headed hydra, a swamp dragon, a
fenstrider witch, a rime drake (wandering) and a swamp drake.

Vanquished Creatures
  Rupert (D:12)
  3 tentacled starspawn (Abyss:2)
  Kirke (D:14)
  A thorn hunter (Swamp:2)
  Roxanne (Swamp:2)
  A fire giant (D:15)
  An angel (Arena)
  Louise (Swamp:2)
  A very ugly thing (Abyss:2)
  An eleionoma (Swamp:3)
  4 bunyips
  A minotaur (Gauntlet)
  A shambling mangrove (Swamp:3)
  A fire dragon (Lair:5)
  8 hydras
  Erolcha (D:11)
  Fannar (D:10)
  2 ghost crabs
  Harold (D:9)
  2 vault guards (D:13)
  An ogre mage (D:15)
  2 centaur warriors (D:15)
  2 catoblepae
  10 alligators
  12 two-headed ogres
  6 death yaks (Lair:4)
  6 boulder beetles
  A tengu warrior (D:9)
  2 thrashing horrors (Gauntlet)
  2 skysharks (Lair:4)
  3 orc high priests (Orc:2)
  Urug (Lair:1)
  Sonja (D:11)
  Amaemon (D:9)
  A sixfirhy (Abyss:2)
  4 skeletal warriors (D:15)
  Lodul (D:12)
  2 fire crabs (Lair:5)
  A goliath frog (Swamp:2)
  A flayed ghost (Abyss:2)
  2 bog bodies
  2 spriggan druids (Swamp:2)
  6 orc knights (Orc:2)
  6 swamp dragons
  Pikel (D:6)
  A deep elf pyromancer (D:14)
  3 orc sorcerers (Orc:2)
  9 ugly things
  4 cyclopes
  7 manticores
  A shining eye (Gauntlet)
  An ice statue (Lair:3)
  An apocalypse crab (Abyss:2)
  Joseph (Lair:1)
  16 elephants
  3 smoke demons (Abyss:2)
  6 black mambas
  8 molten gargoyles
  13 cane toads
  2 gargoyles
  A kobold demonologist (D:12)
  A yaktaur (shapeshifter) (D:14)
  An orange demon (D:9)
  An unseen horror (D:10)
  A freezing wraith (Lair:3)
  11 komodo dragons
  A tormentor (Abyss:2)
  A tengu conjurer (D:14)
  4 rime drakes
  An ancient zyme (Abyss:2)
  A harpy zombie (Abyss:2)
  5 polar bears
  A queen bee (D:11)
  6 trolls
  7 tyrant leeches
  7 hornets
  2 bloated husks (Swamp:1)
  2 raiju (Abyss:2)
  5 dream sheep (Lair:5)
  7 blink frogs (Lair:3)
  A flying skull (Abyss:2)
  5 slime creatures
  7 shadows
  A vampire (D:12)
  55 yaks
  4 wraiths
  3 hogs (D:14)
  6 spriggans
  3 humans (D:13)
  4 large abominations (Abyss:2)
  7 wyverns
  Grum (D:9)
  A golden eye (Gauntlet)
  18 vampire mosquitoes
  5 basilisks
  A neqoxec (Abyss:2)
  2 chaos spawn (Abyss:2)
  7 steam dragons
  2 nagas (Lair:3)
  5 wargs
  12 swamp worms
  13 water moccasins
  5 acid dragons
  3 swamp drakes
  4 hell hounds (Lair:5)
  15 orc warriors
  3 black bears
  4 ice beasts
  9 wolves
  9 centaurs
  12 ogres
  2 lemures (D:6)
  A phantom (D:5)
  3 kobold brigands
  8 bullfrogs
  5 small abominations
  5 scorpions
  3 gnoll sergeants
  15 wights
  39 killer bees
  An elephant simulacrum (IceCv)
  5 howler monkeys
  An electric eel (D:7)
  5 lava snakes (Lair:5)
  6 hounds
  3 quasits (Abyss:2)
  6 jellies
  18 orc priests
  3 sleepcaps
  An iron imp (Abyss:2)
  3 gnoll boudas
  3 iguanas
  18 orc wizards
  9 hell rats (Lair:5)
  12 adders
  21 gnolls
  A shadow imp (D:8)
  7 white imps
  An ufetubus (D:7)
  5 worms
  3 dart slugs
  52 orcs
  6 bats
  5 endoplasms
  A giant cockroach (D:1)
  8 goblins
  4 hobgoblins
  4 jackals (D:3)
  15 kobolds
  8 ball pythons
  5 frilled lizards
  4 rats
  4 starspawn tentacles (Abyss:2)
809 creatures vanquished.

Vanquished Creatures (others)
  6 starspawn tentacles (Abyss:2)
6 creatures vanquished.

Grand Total: 815 creatures vanquished

Notes
Turn   | Place    | Note
-------+----------+-------------------------------------------
     0 | D:1      | Flugkiller the Tengu Hunter began the quest for the Orb.
     0 | D:1      | Reached XP level 1. HP: 12/12 MP: 2/2
   259 | D:1      | Reached XP level 2. HP: 18/18 MP: 3/3
   779 | D:2      | Reached XP level 3. HP: 15/22 MP: 4/4
  1106 | D:2      | Reached XP level 4. HP: 28/28 MP: 5/5
  2184 | D:3      | Reached XP level 5. HP: 32/32 MP: 6/6
  2279 | D:3      | Reached skill level 5 in Dodging
  2378 | D:3      | Got an antique book
  2809 | D:3      | Reached XP level 6. HP: 22/37 MP: 7/7
  3060 | D:4      | Found a sparkling altar of Nemelex Xobeh.
  3312 | D:4      | Found a shadowy altar of Dithmenos.
  3359 | D:4      | Noticed a black bear
  3363 | D:4      | Killed a black bear
  3364 | D:4      | Gained mutation: Your magical flight helps you evade
                  | attacks. (EV +4) [Tengu growth]
  3364 | D:4      | Reached XP level 7. HP: 25/43 MP: 8/8
  3507 | D:4      | Reached skill level 5 in Ranged Weapons
  3795 | D:4      | Found a runed translucent door.
  3796 | D:4      | Noticed Crazy Yiuf
  4009 | D:4      | Found a glowing silver altar of Zin.
  4114 | D:5      | Entered Level 5 of the Dungeon
  4158 | D:5      | Reached skill level 6 in Ranged Weapons
  4200 | D:5      | Reached skill level 5 in Fighting
  4262 | D:5      | Reached XP level 8. HP: 50/50 MP: 9/9
  4547 | D:5      | Found a radiant altar of Vehumet.
  5026 | D:6      | Reached skill level 7 in Ranged Weapons
  5136 | D:6      | Reached skill level 8 in Ranged Weapons
  5136 | D:6      | Reached XP level 9. HP: 43/55 MP: 10/10
  5292 | D:6      | Reached skill level 9 in Ranged Weapons
  5477 | D:6      | Noticed Pikel
  5494 | D:6      | Killed Pikel
  5495 | D:6      | Reached skill level 10 in Ranged Weapons
  5932 | D:7      | Found a staircase to the Ecumenical Temple.
  5993 | Temple   | Entered the Ecumenical Temple
  6010 | Temple   | Became a worshipper of Warmaster Okawaru
  6235 | D:7      | Reached XP level 10. HP: 61/61 MP: 11/11
  6346 | D:7      | Reached skill level 11 in Ranged Weapons
  6371 | D:7      | Reached * piety under Okawaru
  6928 | D:7      | Reached ** piety under Okawaru
  7265 | D:7      | Found Tiseneah's Antique Weapon Boutique.
  7362 | D:8      | Reached skill level 10 in Dodging
  7479 | D:8      | Found Vaicsicu's Magic Scroll Emporium.
  7489 | D:8      | Bought a scroll of revelation for 105 gold pieces
  8201 | D:9      | Reached skill level 1 in Evocations
  8240 | D:9      | Noticed a two-headed ogre
  8267 | D:9      | Killed a two-headed ogre
  8267 | D:9      | Reached *** piety under Okawaru
  8268 | D:9      | Reached skill level 12 in Ranged Weapons
  8278 | D:9      | Noticed Harold
  8280 | D:9      | Noticed a two-headed ogre
  9060 | D:9      | Killed a two-headed ogre
  9061 | D:9      | Reached XP level 11. HP: 48/71 MP: 12/12
  9165 | D:9      | Noticed a two-headed ogre
  9277 | D:9      | Killed a two-headed ogre
  9277 | D:9      | Reached **** piety under Okawaru
  9288 | D:9      | Noticed a cyan ugly thing
  9318 | D:9      | Killed a cyan ugly thing
  9512 | D:9      | Noticed a two-headed ogre
  9536 | D:9      | Reached skill level 1 in Invocations
  9539 | D:9      | Killed a two-headed ogre
  9540 | D:9      | Reached skill level 10 in Fighting
  9540 | D:9      | Reached skill level 5 in Evocations
  9547 | D:9      | Noticed a two-headed ogre
  9559 | D:9      | Killed a two-headed ogre
  9559 | D:9      | Reached ***** piety under Okawaru
  9564 | D:9      | Noticed Amaemon
  9582 | D:9      | Killed Amaemon
  9609 | D:9      | Reached skill level 5 in Invocations
  9626 | D:9      | Killed Harold
  9630 | D:9      | Noticed a tengu warrior
  9653 | D:9      | Killed a tengu warrior
  9878 | D:9      | Reached XP level 12. HP: 77/77 MP: 18/18
 10080 | D:9      | Found a shimmering blue altar of Sif Muna.
 10081 | D:9      | Found a hazy altar of Hepliaklqana.
 10156 | D:9      | Received a gift from Okawaru
 10356 | D:9      | Noticed Grum
 10372 | D:9      | Killed Grum
 10913 | D:10     | Entered Level 10 of the Dungeon
 11230 | D:10     | Noticed a two-headed ogre
 11242 | D:10     | Killed a two-headed ogre
 11503 | D:10     | Noticed a two-headed ogre
 11524 | D:10     | Killed a two-headed ogre
 11525 | D:10     | Reached skill level 13 in Ranged Weapons
 11804 | D:10     | Found a staircase to the Lair.
 11991 | D:11     | Found Jooh's Assorted Antiques.
 12084 | D:11     | Received a gift from Okawaru
 12094 | D:11     | Noticed Sonja
 12122 | D:11     | Killed Sonja
 12123 | D:11     | Reached skill level 14 in Ranged Weapons
 12238 | D:11     | Found Xaxyrueff's Magic Scroll Shop.
 12255 | D:11     | Bought a scroll of blinking for 97 gold pieces
 12273 | D:11     | Noticed a two-headed ogre
 12282 | D:11     | Killed a two-headed ogre
 12360 | D:11     | Found a staircase to the Orcish Mines.
 12431 | D:11     | Found Vukorinu's Armour Shoppe.
 12532 | D:11     | Noticed Erolcha
 12544 | Abyss:2  | Cast into level 2 of the Abyss (Erolcha)
 12579 | Abyss:2  | Noticed a hell hog
 12791 | Abyss:2  | Noticed an eidolon
 12871 | Abyss:2  | Noticed a starcursed mass
 12873 | Abyss:2  | Noticed an angel
 12879 | Arena    | Entered the Arena
 12904 | Arena    | Killed an angel
 12905 | Arena    | Reached XP level 13. HP: 13/82 MP: 7/20
 12946 | Abyss:2  | Noticed a bone dragon
 12954 | Abyss:2  | Noticed a tentacled starspawn
 12972 | Abyss:2  | Killed a tentacled starspawn
 12982 | Abyss:2  | Received a gift from Okawaru
 12982 | Abyss:2  | Noticed a red very ugly thing
 13003 | Abyss:2  | Killed a red very ugly thing
 13006 | Abyss:2  | Noticed a tentacled starspawn
 13018 | Abyss:2  | Killed a tentacled starspawn
 13019 | Abyss:2  | Reached skill level 10 in Invocations
 13218 | Abyss:2  | Noticed a tentacled starspawn
 13237 | Abyss:2  | Killed a tentacled starspawn
 13320 | D:11     | Escaped the Abyss
 13330 | D:11     | Killed Erolcha
 13354 | D:11     | Found Uwoh Sunueph's Antique Armour Shoppe.
 13357 | D:11     | Bought a glowing hat for 210 gold pieces
 13637 | D:11     | Found Roufaih's Magic Scroll Boutique.
 13925 | D:11     | Bought a scroll of enchant weapon for 105 gold pieces
 14027 | Lair:1   | Entered Level 1 of the Lair of Beasts
 14030 | Lair:1   | Noticed Fannar
 14052 | D:10     | Killed Fannar
 14248 | Lair:1   | Noticed Joseph
 14259 | Lair:1   | Killed Joseph
 14524 | Lair:1   | Noticed Urug
 14530 | Lair:1   | Killed Urug
 14856 | Lair:2   | Reached skill level 15 in Ranged Weapons
 14869 | Lair:2   | Reached XP level 14. HP: 92/92 MP: 22/22
 14908 | Lair:2   | Found a staircase to the Swamp.
 15113 | Lair:2   | Reached skill level 16 in Ranged Weapons
 15802 | Lair:3   | Received a gift from Okawaru
 16119 | Lair:3   | Found a staircase to the Snake Pit.
 16586 | Lair:4   | Received a gift from Okawaru
 16628 | Lair:4   | Found a frozen archway.
 16667 | IceCv    | Entered an ice cave
 17094 | Lair:4   | Found a runed translucent door.
 17095 | Lair:4   | Noticed an azure jelly
 17096 | Lair:4   | Found a viscous altar of Jiyva.
 17098 | Lair:4   | Found a staircase to the Slime Pits.
 17098 | Lair:4   | Noticed an azure jelly
 17098 | Lair:4   | Noticed an azure jelly
 17098 | Lair:4   | Noticed an azure jelly
 17231 | Lair:4   | Received a gift from Okawaru
 17238 | Lair:4   | Reached ****** piety under Okawaru
 17239 | Lair:4   | Acquired the scarf "Jicuechy" {rC+ rF+, Dex+4 SInv}
 17239 | Lair:4   | Received a gift from Okawaru
 17251 | Lair:4   | Acquired the +9 hand cannon "Hun Roff" {speed, Int+2}
 17251 | Lair:4   | Received a gift from Okawaru
 17364 | D:11     | Bought a runed kite shield for 225 gold pieces
 17496 | Lair:5   | Entered Level 5 of the Lair of Beasts
 17612 | Lair:4   | Found a blossoming altar of Fedhas.
 17912 | Lair:5   | Reached skill level 17 in Ranged Weapons
 17941 | Lair:5   | Identified the +3 quarterstaff of the Pure Ziggurats
                  | {speed, rPois rN+ Str-2}
 18044 | Lair:5   | Reached XP level 15. HP: 99/99 MP: 23/23
 18098 | Lair:5   | Received a gift from Okawaru
 18286 | Lair:5   | Found a large runed translucent door.
 18286 | Lair:5   | Found a large runed translucent door.
 18649 | Lair:5   | Received a gift from Okawaru
 19176 | D:12     | Noticed Lodul
 19184 | D:12     | Killed Lodul
 19553 | D:12     | Noticed Rupert
 19576 | D:12     | Killed Rupert
 20099 | D:13     | Reached skill level 18 in Ranged Weapons
 20167 | D:13     | Found a runed translucent door.
 20170 | D:13     | Found a shimmering altar of Xom.
 20170 | D:13     | Noticed Kaz Ciaw's ghost (journeyman TrSh)
 20238 | D:13     | Found a gate leading to a gauntlet.
 20244 | Gauntlet | Entered a Gauntlet
 20244 | Gauntlet | Found a transporter.
 20244 | Gauntlet | Found a transporter.
 20244 | Gauntlet | Found a transporter.
 20245 | Gauntlet | Found a transporter.
 20248 | Gauntlet | Found a transporter.
 20248 | Gauntlet | Found a transporter.
 20258 | Gauntlet | Found a transporter.
 20262 | Gauntlet | Found a transporter.
 20274 | Gauntlet | Found a transporter.
 20279 | Gauntlet | Found a transporter.
 20296 | Gauntlet | Found a transporter.
 20300 | Gauntlet | Found a transporter.
 20525 | Gauntlet | Received a gift from Okawaru
 20577 | Gauntlet | Identified the +0 scale mail of the Evening {-Cast Fly rF+
                  | rC++}
 20599 | Gauntlet | Reached skill level 15 in Dodging
 20599 | Gauntlet | Reached skill level 1 in Shields
 20602 | Gauntlet | Identified the staff of the Weasel {rElec rPois Int+3
                  | Poison}
 21070 | D:13     | Found a gate to the Vaults.
 21322 | D:14     | Received a gift from Okawaru
 21323 | D:14     | Reached skill level 5 in Shields
 21326 | D:14     | Found Vakkir's Overcharged Wands.
 21395 | D:14     | Noticed Kirke
 21404 | D:14     | Reached XP level 16. HP: 106/106 MP: 24/24
 21408 | D:14     | Killed Kirke
 21891 | D:15     | Entered Level 15 of the Dungeon
 22141 | D:15     | Received a gift from Okawaru
 22322 | D:15     | Found a staircase to the Depths.
 22754 | Orc:1    | Entered Level 1 of the Orcish Mines
 22865 | Orc:2    | Entered Level 2 of the Orcish Mines
 22896 | Orc:2    | Reached skill level 10 in Shields
 23042 | Orc:2    | Found Pacydo's Vocational Training.
 23060 | Orc:2    | Found a staircase to the Elven Halls.
 23268 | Orc:2    | Received a gift from Okawaru
 23292 | Orc:2    | Found Umabui's Magic Scroll Emporium.
 23292 | Orc:2    | Found Ruagiena's Book Boutique.
 23294 | Orc:2    | Found Lejaanof's Distillery.
 23294 | Orc:2    | Found Dystar's Book Boutique.
 23300 | Orc:2    | Bought a scroll of blinking for 90 gold pieces
 23300 | Orc:2    | Bought a scroll of fear for 48 gold pieces
 23300 | Orc:2    | Bought a scroll of fear for 48 gold pieces
 23303 | Orc:2    | Bought a potion of heal wounds for 65 gold pieces
 23541 | Swamp:1  | Entered Level 1 of the Swamp
 24133 | Swamp:1  | Identified the +5 flail "Huteolat" {heavy, Str-5 Int+3}
 24292 | Swamp:2  | Received a gift from Okawaru
 24319 | Swamp:2  | Identified the ring "Xose" {Ice +Blink Fly Dex-5}
 24490 | Swamp:2  | Noticed Roxanne
 24497 | Swamp:2  | Killed Roxanne
 24503 | Swamp:2  | Reached XP level 17. HP: 111/111 MP: 25/25
 24676 | Swamp:2  | Noticed Louise
 24712 | Swamp:2  | Killed Louise
 25022 | Swamp:3  | Received a gift from Okawaru
 25100 | Swamp:3  | Identified the +2 leather armour "Uvefot" {*Corrode rPois
                  | Str+3 Int+5}
 25417 | Swamp:4  | Entered Level 4 of the Swamp
 25425 | Swamp:4  | Paralysed by a fenstrider witch for 4 turns
 25428 | Swamp:4  | Slain by a seven-headed hydra

Illustrated notes

Levels and vault maps discovered:
D:1:      minmay_arrival_solitary_statue, layout_basic
D:2:      layout_basic, wad_floor_pattern_untrapped, minmay_quantized
D:3:      layout_rooms
D:4:      layout_cave_pools, nemelex_diamond_rough_becter,
          grunt_dithmenos_smoke, zin_academy, hangedman_glass_teeth,
          uniq_crazy_yiuf_cottage
D:5:      layout_rooms, kennysheep_mini
D:6:      layout_basic, uniq_pikel
D:7:      nzn_winding_woodlands_medium [nzn_winding_woodlands_hourglass,
          nzn_winding_woodlands_5x15_river_crossing,
          nzn_winding_woodlands_5x5_perimeter, nzn_winding_woodlands_5x5_three,
          nzn_winding_woodlands_center_triple_pond,
          nzn_winding_woodlands_5x5_open_star,
          nzn_winding_woodlands_5x5_checkerboard,
          nzn_winding_woodlands_5x15_pool, nzn_winding_woodlands_5x5_cross],
          layout_gridville, minmay_temple_entry_statues_fountains, serial_shops,
          shop, minmay_misc_feat_cross, minmay_microvault
D:8:      layout_basic, serial_shops, shop
D:9:      cheibrodos_ideogram_h, layout_basic, nicolae_overflow_two_pavilions,
          serial_co_window_serial, co_window_paths_a, co_window_corner_a,
          co_window_corner_a, co_window_of_opportunity_a,
          co_window_of_opportunity_a, co_window_paths_a, co_window_cross_2,
          co_window_broadway_c, co_window_broadway_c, co_window_unsneaky_path_c,
          co_window_4corner_b, uniq_harold, uniq_grum, uniq_amaemon
D:10:     layout_long_grid, lair_entry_dummy, nicolae_fountain_basement
D:11:     layout_long_grid, minmay_orc_entry_guard_dogs, serial_shops,
          nicolae_shop_behind_doors, shop, shop, nicolae_shop_hallway_stairs,
          nicolae_lakefront_shop, special_room [special_room_bee],
          dreamdust_princess_bridge, uniq_sonja, uniq_erolcha
D:12:     layout_loops_corners, chequers_jeans, chequers_serial_rivers_small_3,
          uniq_lodul, uniq_rupert
D:13:     layout_gridville, hellmonk_vaults_keyhole, ebering_ghost_xom,
          gauntlet_entry_generic
D:14:     cheibrodos_statue_roulette, layout_cave_pools, nicolae_benzene_ring,
          st_stairs_7, nicolae_shop_overcharged_wands, uniq_kirke
D:15:     grunt_enter_depths_giant_problem, layout_long_grid, serial_rivers,
          chequers_serial_rivers_small_a, chequers_serial_rivers_micro_c,
          chequers_serial_rivers_micro_c, chequers_serial_rivers_small_b
Temple:   nicolae_temple_bog_church
Lair:1:   layout_regular_city, serial_bayou_lagoon_b, uniq_urug, uniq_joseph,
          uniq_fannar
Lair:2:   layout_misc_corridors, skrybe_swamp_entry_bodies, st_stairs_8
Lair:3:   layout_loops_ring, minmay_snake_entry_guardpost_small, ice2_lemuel,
          grunt_megastairs_1
Lair:4:   layout_gridlike, slime_entry_2, portal_ice_cave_entry_pillars_1,
          tgw_fedhas, grunt_megastairs_4, serial_bayou_shore_b
Lair:5:   cheibrodos_lair_end_hotspot, layout_layer_cave
Swamp:1:  layout_falls_marsh, evilmike_swamp_ruin_wall,
          infiniplex_staircase_pool_2
Swamp:2:  layout_basic_swamp, evilmike_swamp_ruin_house_5, uniq_roxanne,
          uniq_louise
Swamp:3:  layout_basic_swamp, infiniplex_staircase_pool, swamp_pool1
Swamp:4:  swamp_alternative, layout_basic_swamp, swamp_pool4
Orc:1:    layout_caves, lightli_orcish_oven
Orc:2:    grunt_orc_tribal_feast, layout_caves, nicolae_shop_vocational

Skill      XL: |  1  2  3  4  5  6  7  8  9 10 11 12 13 14 15 16 17 |
---------------+----------------------------------------------------+-----
Dodging        | 3 4 6 7 8 9 10 11 12 13 15 | 15.0
Fighting       | 3 4 5 6 9 10 12 13 14 | 14.0
Ranged Weapons | 6 8 10 12 14 15 17 18 | 18.0
Evocations     | 3 5 |  5.0
Invocations    | 6 8 10 | 10.0
Shields        | 5 12 14 | 14.4
Stealth        | |  1.0

Action                     |  1- 3 |  4- 6 |  7- 9 | 10-12 | 13-15 | 16-18 || total
---------------------------+-------+-------+-------+-------+-------+-------++-------
  Melee: Longbow           |       |       |       |       |     1 |       ||     1
         Hand cannon       |       |       |       |       |     2 |       ||     2
         Kick              |       |       |       |       |     1 |       ||     1
   Fire: Shortbow          |    90 |   228 |   117 |       |       |       ||   435
         Longbow           |       |       |   176 |   645 |   845 |       ||  1666
         Hand cannon       |       |       |       |       |   474 |   560 ||  1034
  Throw: Throwing net      |       |       |       |     2 |       |       ||     2
         Dart              |       |       |       |     1 |     5 |       ||     6
 Invoke: Heroism           |       |       |       |     3 |     8 |     6 ||    17
         Finesse           |       |       |       |     2 |     5 |     2 ||     9
         Duel              |       |       |       |     1 |       |       ||     1
         Receive Weapon    |       |       |       |       |     1 |       ||     1
         Receive Armour    |       |       |       |       |     1 |       ||     1
  Evoke: Wand              |       |       |       |     8 |       |       ||     8
    Use: Scroll            |       |     8 |     9 |     8 |     9 |     3 ||    37
         Potion            |       |     2 |     4 |     7 |     5 |       ||    18
 Armour: Leather armour    |    14 |    57 |    19 |       |       |       ||    90
         Skin              |       |       |    11 |       |       |       ||    11
         Steam dragon scal |       |       |    15 |   149 |   236 |    56 ||   456
  Dodge: Dodged            |    30 |    75 |   102 |   395 |   824 |   116 ||  1542
  Block: Buckler           |       |       |       |       |       |    53 ||    53

Table legend: (Time is in decaauts)
 A = Elapsed time spent in this place.
 B = Non-inter-level travel time spent in this place.
 C = Inter-level travel time spent in this place.
 D = Time resting spent in this place.
 E = Time spent auto-exploring this place.
 F = Levels seen in this place.
 G = Mean time per level.
                   A        B        C        D        E       F      G
               +--------+--------+--------+--------+--------+-----+--------+
         Total |  25179 |  23559 |   1620 |   4059 |  13517 |  32 |  786.8 |
       Dungeon |  16815 |  15816 |    999 |   3455 |   8853 |  15 | 1121.0 |
        Temple |     34 |      2 |     32 |      0 |      0 |   1 |   34.0 |
          Lair |   4903 |   4475 |    428 |    315 |   2996 |   5 |  980.6 |
         Swamp |   1721 |   1620 |    101 |    135 |   1111 |   4 |  430.2 |
  Orcish Mines |    617 |    559 |     58 |      0 |    415 |   2 |  308.5 |
         Abyss |    667 |    667 |      0 |    127 |      0 |   2 |  333.5 |
      Ice Cave |     10 |     10 |      0 |      0 |      0 |   1 |   10.0 |
      Gauntlet |    371 |    371 |      0 |     27 |    142 |   1 |  371.0 |
         Arena |     37 |     37 |      0 |      0 |      0 |   1 |   37.0 |
               +--------+--------+--------+--------+--------+-----+--------+

Top non-repeatable levels by time:
     D:9: 2700 daAuts
     D:7: 1575 daAuts
     D:2: 1431 daAuts
    D:10: 1352 daAuts
    D:11: 1272 daAuts
  Lair:5: 1181 daAuts
     D:6: 1103 daAuts
     D:4: 1068 daAuts
     D:8: 992 daAuts
  Lair:3: 992 daAuts
  Lair:4: 981 daAuts
  Lair:2: 933 daAuts
     D:3: 921 daAuts
    D:12: 902 daAuts
    D:14: 815 daAuts
